 Dungeon Crawl Stone Soup version 0.20-a0-507-gc86f373 (webtiles) character file.

159 mopl the Insei (level 5, -2/37 HPs)
             Began as a Barachian Transmuter on Jan 21, 2017.
             Was an Initiate of Cheibriados.
             Slain by a hound (6 damage)
             ... on level 4 of the Dungeon.
             The game lasted 00:05:44 (3051 turns).

mopl the Insei (Barachian Transmuter)               Turns: 3051, Time: 00:05:45

Health: -2/37      AC:  2    Str:  9    XL:     5   Next: 40%
Magic:  2/8        EV: 19    Int: 14    God:    Cheibriados [......]
Gold:   152        SH:  0    Dex: 17    Spells: 2/8 levels left

rFire    . . .     SeeInvis .     - Unarmed
rCold    . . .     Gourm    .   (armour currently unavailable)
rNeg     . . .     Faith    .   (shield currently unavailable)
rPois    x         Spirit   .   (helmet currently unavailable)
rElec    .         Reflect  .   (cloak currently unavailable)
rCorr    +         Harm     .   (gloves currently unavailable)
MR       .....                  (boots currently unavailable)
Stlth    ++........             (no amulet)
Regen    0.2/turn               (no ring)
                                i - ring of resist corrosion

@: spider-form (expiring), very slightly contaminated, very slow
A: swims, (slowness 0), (strong legs 0)
a: End Transformation, Bend Time, Renounce Religion


You were on level 4 of the Dungeon.
You worshipped Cheibriados.
Cheibriados was noncommittal.
You were not hungry.
You were a venomous arachnid creature.
You visited 1 branch of the dungeon, and saw 4 of its levels.

You collected 152 gold pieces.

Inventory:

Missiles
 a - 23 arrows
 g - 7 javelins (quivered)
Armour
 b - a +0 robe (melded)
 o - a +2 buckler
Jewellery
 i - a ring of resist corrosion (left front leg)
Scrolls
 e - 2 scrolls of remove curse
 h - a scroll of identify
 j - a scroll of fog {unknown}
 k - a scroll of noise {unknown}
 l - a scroll of enchant armour {unknown}
 m - 2 scrolls of teleportation {unknown}
 p - a scroll of blinking {unknown}
 r - a scroll of random uselessness {unknown}
Potions
 n - a potion of invisibility
 q - a potion of ambrosia {unknown}
 s - a potion of haste {unknown}
Books
 c - a book of Changes

   Spells                             Type                      Level
   a - Beastly Appendage              Transmutation                1
   b - Sticks to Snakes               Transmutation                2
   c - Spider Form                    Transmutation/Poison         3
   d - Ice Form                       Ice/Transmutation            4
   e - Blade Hands                    Transmutation                5
Comestibles
 d - 3 bread rations
 f - a royal jelly


   Skills:
 - Level 1.1 Fighting
 - Level 2.0 Dodging
 * Level 4.6 Unarmed Combat
 - Level 2.0 Spellcasting
 + Level 3.2 Transmutations
 + Level 2.0 Poison Magic
 + Level 0.2 Invocations


You had 2 spell levels left.
You knew the following spells:

 Your Spells              Type           Power        Failure   Level  Hunger
a - Beastly Appendage     Tmut           ##....       24%         1    ##.....
b - Spider Form           Tmut/Pois      #.........   45%         3    ####...
w - Sticks to Snakes      Tmut           ##......     28%         2    ###....


Dungeon Overview and Level Annotations

Branches:
Dungeon (4/15)
 Temple: D:4-7

Altars:
Cheibriados
Zin

Annotations:
D:3 Kite's ghost, amateur MiBe
D:4 Robin


Innate Abilities, Weirdness & Mutations

You can swim through water.
((You cover ground slowly.))
((You can hop short distances.))


Message History

The howler monkey hits you.
Unknown command.
You closely miss the howler monkey.
The howler monkey is severely wounded.
The howler monkey hits you.
* * * LOW HITPOINT WARNING * * *
The howler monkey misses you.
Unknown command.
You hit the howler monkey.
The howler monkey is severely wounded.
The howler monkey hoots and howls with incredible vigour!
You hear a shout! x2
Unknown command.
As you read the scroll labeled FOBIPUU OCICS, it crumbles to dust.
It is a scroll of identify.
n - a potion of invisibility The howler monkey hits you.
* * * LOW HITPOINT WARNING * * *
The hound bites you.
You die...

.... ..... .....
....###### .
#......g######...#
####.....ghsh.......
.%....[.gg##########
###..(.........
#...p.g#.....
#.$.<....####
#........#
..........#.#
...g......#.#
......#####..


You could see a slave, a howler monkey, a hound, Robin, 2 hobgoblins and a
goblin.

Vanquished Creatures
  An iguana (D:4)
  6 adders
  An ooze (D:3)
  A dart slug (D:2)
  2 worms
  A leopard gecko (D:1)
  3 giant cockroaches (D:1)
  13 goblins
  5 hobgoblins
  3 jackals (D:2)
  10 kobolds
  2 quokkas
  A ball python (D:3)
  5 bats
  3 frilled lizards
  7 rats
64 creatures vanquished.

Vanquished Creatures (collateral kills)
  An adder (D:2)
  A worm (D:1)
2 creatures vanquished.

Grand Total: 66 creatures vanquished

Notes
Turn   | Place    | Note
-------+----------+-------------------------------------------
     0 | D:1      | mopl the Barachian Transmuter began the quest for the Orb.
     0 | D:1      | Reached XP level 1. HP: 15/15 MP: 3/3
    55 | D:1      | Reached XP level 2. HP: 16/21 MP: 5/5
    62 | D:1      | Learned a level 2 spell: Sticks to Snakes
   429 | D:1      | Reached XP level 3. HP: 13/26 MP: 2/6
   434 | D:1      | Learned a level 3 spell: Spider Form
   922 | D:2      | Reached skill level 4 in Unarmed Combat
   965 | D:2      | Reached skill level 1 in Poison Magic
   965 | D:2      | Reached XP level 4. HP: 10/32 MP: 1/7
  1312 | D:2      | Noticed a phantom
  1706 | D:2      | Reached skill level 3 in Transmutations
  2484 | D:3      | Reached XP level 5. HP: 24/37 MP: 1/8
  2814 | D:3      | Found a snail-covered altar of Cheibriados.
  2823 | D:3      | Became a worshipper of Cheibriados the Contemplative
  2990 | D:3      | Found a glowing silver altar of Zin.
  2997 | D:3      | Noticed Kite's ghost (amateur MiBe)
  3010 | D:4      | Noticed Robin
  3027 | D:4      | Reached skill level 2 in Poison Magic
  3048 | D:4      | Noticed a slave
  3051 | D:4      | Slain by a hound

Vault maps used:
D:1:      dpeg_arrival_pits, hex_intersection
D:2:      lightli_corner_chamber
D:3:      lemuel_crystal_altar, grunt_temple_overflow_open, first_bread
D:4:      old_standard_altar, grunt_dithmenos_shadows, abandoned_shop,
          kennysheep_pointless_box, uniq_edmund, uniq_robin, uniq_pikel

Skill      XL: |  1  2  3  4  5 |
---------------+----------------+-----
Unarmed Combat | 4 |  4.6
Poison Magic   | 1 2 |  2.0
Transmutations | 3 |  3.2
Fighting       | |  1.1
Dodging        | |  2.0
Spellcasting   | |  2.0
Invocations    | |  0.2

Action                   |  1- 3 |  4- 6 || total
-------------------------+-------+-------++-------
Melee: Unarmed           |   106 |   137 ||   243
       Headbutt          |     6 |     2 ||     8
       Kick              |     1 |     2 ||     3
       Punch             |       |     1 ||     1
 Cast: Beastly Appendage |    13 |     6 ||    19
       Sticks to Snakes  |     4 |     2 ||     6
       Spider Form       |     1 |     8 ||     9
  Use: Scroll            |       |     2 ||     2
  Eat: Chunk             |     1 |    10 ||    11
Armor: Robe              |    26 |    19 ||    45
       Skin              |       |     5 ||     5
Dodge: Dodged            |    78 |   113 ||   191
